Unix NetHack Version 5.0.0-0 post-release - last build Jun 10 2026 00:39:30 (3ee93aec679c4c4259841fe613dc97188e26a321,branch:main).

Game began 2026-06-18 14:13:41, ended 2026-06-18 16:56:06.

Ch3Begorrah, chaotic male human Rogue

                       ---------------     ----------
                      #%.............|     |........|
                  #####|.............|     |........|
                  #    |.............|     |........|
  --------------###    -----.---------     |........|
  |.............#           #             #.........|
  |............|            #####         #--------.-
  |.............                #        ###    # ##
  ------.-------                ###       ##    #####
       ##                         #       #      #
       #                          #       #      #
       #                          ####    #     -.---
       #                             #   ##     |.>.|     ----
 ------|----                         ##  #      |).)|    |\...
 |.......%..####                  ----.--#      |...@h###:h..|
 |.........|                      +(....|#      |...|    |...|
 |..........#########             |.....|%      |..f|     ...|
 -----+-----                      |....Z-#      -----     ----
                                  -------

Ch3Begorrah the Cutpurse  St:13 Dx:18 Co:15 In:12 Wi:11 Ch:8  Chaotic
Dlvl:5  $:158 HP:0(33) Pw:17(17) AC:4  Xp:4 T:2065 

Latest messages:
 The 1st dagger hits the centipede.
 The 2nd dagger misses the centipede.
 In what direction? n
 You throw 2 daggers.
 The 1st dagger hits the centipede.
 You kill the centipede!
 b - 4 +0 daggers (at the ready) (7 in total).
 b - a +0 dagger (at the ready) (8 in total).
 You climb up the stairs.
 You swap places with your kitten.
 You are hit by a dagger.
 You are hit by a dagger.
 You are hit by a dagger.
 In what direction? l
 The dagger hits it.
 b - 2 +0 daggers (at the ready) (9 in total).
 You stop.  Your kitten is in the way!
 The dwarf queen picks up a dagger.
 The dwarf queen throws a dagger!
 You catch, but drop, the dagger.
 In what direction? l
 You throw 2 daggers.
 The 1st dagger misses the dwarf queen.
 The 2nd dagger hits the dwarf queen.
 What do you want to write with? [- abirtu or ?*] -
 You write in the dust with your fingertip.
 What do you want to write in the dust here? ELbereth
 The dwarf queen turns to flee.
 What do you want to wield? [- abiru or ?*] ?
 a - a +0 short sword (weapon in right hand).
 In what direction? l
 You throw 2 daggers.
 The 1st dagger hits it.
 The 2nd dagger hits it.
 The kitten picks up a +0 dagger.
 In what direction? l
 The dagger hits it.
 You swap places with your kitten.
 In what direction? l
 You throw 2 daggers.
 The 1st dagger hits the dwarf queen.
 The 2nd dagger hits the dwarf queen.
 The dwarf queen picks up 5 +0 daggers.
 You miss the dwarf queen.
 The dwarf queen swings her mace.
 The dwarf queen hits!
 The dwarf queen swings her mace.
 The dwarf queen hits again!
 You die...
 Do you want your possessions identified? [ynq] (y) q

Inventory:
 Coins    ('$')
  $ - 158 gold pieces
 Weapons  (')')
  r - 9 +0 orcish arrows
  b - 2 +0 daggers (at the ready)
  u - a +0 orcish dagger
  i - a +0 axe
  a - a +0 short sword (weapon in right hand)
 Armor    ('[')
  E - a cursed +0 helmet (being worn)
  D - a cursed +0 pair of leather gloves (being worn)
  F - a cursed +0 small shield (being worn)
  l - an uncursed -1 alchemy smock with text "Don't mess with the chef" (being worn)
  c - an uncursed +1 leather armor (being worn)
 Comestibles  ('%')
  H - 10 uncursed apples
  I - 10 cursed carrots
 Potions  ('!')
  m - 5 uncursed potions of healing
 Wands    ('/')
  t - a wand of teleportation (0:2)
 Tools    ('(')
  f - an uncursed sack containing 15 items

Contents of the sack:
  an uncursed +0 dwarvish cloak
  3 uncursed food rations
  an uncursed pancake
  an uncursed scroll of teleportation named ok
  an uncursed scroll of punishment
  an uncursed scroll of enchant armor named ok
  an uncursed potion of speed
  an uncursed potion of sickness
  a wand of probing (0:3)
  a wand of secret door detection (0:12)
  an uncursed lock pick
  2 uncursed worthless pieces of blue glass
  an uncursed worthless piece of red glass
  an uncursed worthless piece of yellow glass
  2 uncursed worthless pieces of yellowish brown glass

Ch3Begorrah the Rogue's attributes:

Background:
 You were a Cutpurse, a level 4 male human Rogue.
 You were chaotic, nominally on a mission for Kos
 who was opposed by Issek (lawful) and Mog (neutral).
 You were right-handed.
 You were in the Dungeons of Doom, on level 5.
 You entered the dungeon 2065 turns ago.
 You had 124 experience points, 36 more were needed to attain level 5.

Basics:
 You had 0 out of 33 hit points.
 You had all 17 energy points (spell power).
 Your armor class was 4.
 Your wallet contained 158 zorkmids.
 Autopickup was on for '$!/(' plus thrown, with exceptions.

Final Characteristics:
 Your strength was 13 (limit:18/100).
 Your dexterity was 18 (limit:18).
 Your constitution was 15 (limit:18).
 Your intelligence was 12 (limit:18).
 Your wisdom was 11 (limit:18).
 Your charisma was 8 (limit:18).

Final Status:
 You weren't hungry.
 You were unencumbered.
 You were wielding a short sword.
 You had basic skill with short sword.

Final Attributes:
 You were piously aligned.
 You were poison resistant.
 You were acid resistant.
 Your items were protected from acid.
 You were stealthy.
 You were warded.
 You are dead.

Miscellaneous:
 You encountered 1 bones level.
 Total elapsed playing time was 18 minutes and 47 seconds.

Major events:
 Turn
    1: Ch3Begorrah the chaotic male human Rogue entered the dungeon
 1357: entered the Gnomish Mines
 1386: attained the rank of Cutpurse (level 3)
 2065: killed by a dwarf queen

You didn't know any spells.

Skills:
 Fighting Skills
   bare handed combat [Unskilled]
   two weapon combat  [Unskilled]
   riding             [Unskilled]
 Weapon Skills
   dagger             [Basic]
   knife              [Unskilled]
   short sword        [Basic]
   broadsword         [Unskilled]
   long sword         [Unskilled]
   two-handed sword   [Unskilled]
   saber              [Unskilled]
   club               [Unskilled]
   mace               [Unskilled]
   morning star       [Unskilled]
   flail              [Unskilled]
   hammer             [Unskilled]
   polearms           [Unskilled]
   spear              [Unskilled]
   crossbow           [Unskilled]
   dart               [Unskilled]
   shuriken           [Unskilled]
 Spellcasting Skills
   divination spells  [Unskilled]
   escape spells      [Unskilled]
   matter spells      [Unskilled]

Voluntary challenges:
 Character rerolling was not enabled.
 You followed a strict vegan diet.
 You were an atheist.
 You never genocided any monsters.
 You never polymorphed an object.
 You never changed form.
 You used no wishes.
Achievements:
 You entered a shop.
 You entered the Gnomish Mines.
 You attained the rank of Cutpurse.

 The Dungeons of Doom: levels 1 to 7
    Level 1:
    Level 2:
    Level 3:
       A potion shop, an altar to Kos.
    Level 4:
       A fountain.
       Stairs down to The Gnomish Mines.
    Level 5: <- You were here.
       A throne.
       Final resting place for
          you, killed by a dwarf queen,
          pots164-Kni-Hum-Fem-Law, slipped while mounting a saddled pony.
    Level 6:
       A food shop, a fountain.
    Level 7:
 The Gnomish Mines:
    Level 5:


Vanquished creatures:
 an orc-captain
  a bugbear
  a rock piercer
  a floating eye
  a dwarf
  a centipede
  a coyote
  a hobbit
  a hobgoblin
  a yellow mold
  3 gnomes
  a gnome zombie
  a gecko
  2 jackals
  a fox
  3 kobolds
  2 goblins
  6 grid bugs
  a kobold zombie
  2 newts
32 creatures vanquished.

No species were genocided or became extinct.

Game over:
                       ----------
                      /          \
                     /    REST    \
                    /      IN      \
                   /     PEACE      \
                  /                  \
                  |   Ch3Begorrah    |
                  |      158 Au      |
                  |   killed by a    |
                  |   dwarf queen    |
                  |                  |
                  |                  |
                  |       2026       |
                 *|     *  *  *      | *
        _________)/\\_//(\/(/\)/\//\/|_)_______

Goodbye Ch3Begorrah the Rogue...

You died in The Dungeons of Doom on dungeon level 5 with 999 points,
and 158 pieces of gold, after 2065 moves.
You were level 4 with a maximum of 33 hit points when you died.

